| TOP OF THE 1ST |
|
Detroit Red Wings batting - Pitching for Niagara Falls Phantoms : RHP Toshikazu Miyahara
|
|
Pitching: RHP Toshikazu Miyahara
|
|
|
Batting: RHB António Scarlett
|
0-0: Called Strike 0-1: Called Strike 0-2: Ball 1-2: Strikes out looking
|
|
Batting: LHB Duda Pinho
|
0-0: Called Strike 0-1: Ball 1-1: Ball 2-1: Ball 3-1: Called Strike 3-2: Base on Balls
|
|
Batting: LHB Iestyn Peacock
|
0-0: Foul Ball, location: 2F Pickoff Throw to First - Out! 1-3 CS 0-1: Foul Ball, location: 2F 0-2: Strikes out swinging
|
| Top of the 1st over - 0 runs, 0 hits, 0 errors, 0 left on base; Detroit 0 - Niagara Falls 0 |
| BOTTOM OF THE 1ST |
|
Niagara Falls Phantoms batting - Pitching for Detroit Red Wings : RHP Adan Van Slyke
|
|
Pitching: RHP Adan Van Slyke
|
|
|
Batting: RHB Alfredo Mendez
|
0-0: Called Strike 0-1: Called Strike 0-2: Ball 1-2: Ball 2-2: Fly out, F7 (Line Drive, 7LS, EV 96.9 MPH)
|
|
Batting: SHB Bruce Shelton
|
0-0: Ball 1-0: Ball 2-0: Called Strike 2-1: Ball 3-1: Swinging Strike 3-2: Strikes out swinging
|
|
Batting: RHB Jonathan Feldstein
|
0-0: Ball 1-0: Ball 2-0: Called Strike 2-1: SOLO HOME RUN (Flyball, 89XD, EV 103.1 MPH), Distance : 409 ft
|
|
Pitching: RHP Edwin Torres
|
|
|
Batting: RHB Scott Cuff
|
0-0: Ball 1-0: Swinging Strike 1-1: Swinging Strike 1-2: Strikes out swinging
|
| Bottom of the 1st over - 1 run, 1 hit, 0 errors, 0 left on base; Detroit 0 - Niagara Falls 1 |
| TOP OF THE 2ND |
|
Detroit Red Wings batting - Pitching for Niagara Falls Phantoms : RHP Toshikazu Miyahara
|
|
Batting: RHB Harry Tugnut
|
0-0: Ball 1-0: Ball 2-0: Swinging Strike 2-1: Foul Ball, location: 2F 2-2: Ball 3-2: Strikes out swinging
|
|
Batting: RHB Alex Duarte
|
0-0: Ball 1-0: Swinging Strike 1-1: Ball 2-1: Foul Ball, location: 2F 2-2: Ground out 5-3 (Groundball, 56S, EV 68.8 MPH)
|
|
Batting: RHB Dustin Bursell
|
0-0: Swinging Strike 0-1: Ball 1-1: Swinging Strike 1-2: Ball 2-2: Strikes out swinging
|
| Top of the 2nd over - 0 runs, 0 hits, 0 errors, 0 left on base; Detroit 0 - Niagara Falls 1 |
| BOTTOM OF THE 2ND |
|
Niagara Falls Phantoms batting - Pitching for Detroit Red Wings : RHP Edwin Torres
|
|
Batting: RHB Bailey Hays
|
0-0: Called Strike 0-1: Called Strike 0-2: Strikes out swinging
|
|
Batting: RHB Jim O'Dwyer
|
0-0: Called Strike 0-1: Fly out, F9 (Flyball, 9, EV 74.4 MPH)
|
|
Batting: LHB Rip Log
|
0-0: Fly out, F8 (Line Drive, 8RM, EV 93.1 MPH)
|
| Bottom of the 2nd over - 0 runs, 0 hits, 0 errors, 0 left on base; Detroit 0 - Niagara Falls 1 |
| TOP OF THE 3RD |
|
Detroit Red Wings batting - Pitching for Niagara Falls Phantoms : RHP Toshikazu Miyahara
|
|
Batting: LHB Simon Barry
|
0-0: Swinging Strike 0-1: Ball 1-1: Ball 2-1: Ball 3-1: Base on Balls
|
|
Batting: RHB Carlos Avila
|
0-0: Called Strike 0-1: Called Strike 0-2: Ball 1-2: Reached on error, E6 (Groundball, 6, EV 108.1 MPH) Simon Barry to second
|
|
Batting: SHB Roderick Speed
|
0-0: Called Strike 0-1: Foul Ball, location: 2F 0-2: Foul Ball, location: 2F 0-2: Fielders Choice at 2nd, 3-6 (Groundball, 3, EV 86.9 MPH) Simon Barry to third
|
|
Batting: RHB António Scarlett
|
0-0: Grounds into double play, 5-4-3 (Groundball, 5L, EV 86.9 MPH)
|
| Top of the 3rd over - 0 runs, 0 hits, 1 error, 1 left on base; Detroit 0 - Niagara Falls 1 |
| BOTTOM OF THE 3RD |
|
Niagara Falls Phantoms batting - Pitching for Detroit Red Wings : RHP Edwin Torres
|
|
Batting: LHB Dave Ortiz
|
0-0: Called Strike 0-1: Ball 1-1: Foul Ball, location: 2F 1-2: Foul Ball, location: 2F 1-2: Ball 2-2: Strikes out swinging
|
|
Batting: RHB Juan Perez
|
0-0: Swinging Strike 0-1: Called Strike 0-2: Ball 1-2: Ball 2-2: Ball 3-2: Strikes out swinging
|
|
Batting: RHB Alfredo Mendez
|
0-0: Ball 1-0: Fly out, F8 (Line Drive, 8RD, EV 98.1 MPH)
|
| Bottom of the 3rd over - 0 runs, 0 hits, 0 errors, 0 left on base; Detroit 0 - Niagara Falls 1 |
| TOP OF THE 4TH |
|
Detroit Red Wings batting - Pitching for Niagara Falls Phantoms : RHP Toshikazu Miyahara
|
|
Batting: LHB Duda Pinho
|
0-0: Ball 1-0: Ball 2-0: Called Strike 2-1: Ball 3-1: Base on Balls
|
|
Batting: LHB Iestyn Peacock
|
0-0: Ball 1-0: SINGLE (Line Drive, 34D, EV 105.6 MPH) Duda Pinho to second
|
|
Batting: RHB Harry Tugnut
|
0-0: Fielders Choice at 2nd, 5-4 (Groundball, 56, EV 98.1 MPH) Duda Pinho to third
|
|
Batting: RHB Alex Duarte
|
0-0: Called Strike 0-1: Ball 1-1: Called Strike 1-2: Ball 2-2: Foul Ball, location: 2F 2-2: Strikes out looking
|
|
Batting: RHB Dustin Bursell
|
0-0: Ball 1-0: SINGLE (Groundball, 56D, EV 96.2 MPH) Duda Pinho scores Harry Tugnut to second Runner from 2nd tries for 3rd, SAFE, throw by LF made to third
|
|
Batting: LHB Simon Barry
|
0-0: Ball 1-0: Foul Ball, location: 2F 1-1: Called Strike 1-2: Foul Ball, location: 2F 1-2: Ball 2-2: Strikes out looking
|
| Top of the 4th over - 1 run, 2 hits, 0 errors, 2 left on base; Detroit 1 - Niagara Falls 1 |
| BOTTOM OF THE 4TH |
|
Niagara Falls Phantoms batting - Pitching for Detroit Red Wings : RHP Edwin Torres
|
|
Pinch Hitting: RHB Jose Villanueva
|
0-0: Foul Ball, location: 2F 0-1: Foul Ball, location: 2F 0-2: Strikes out swinging
|
|
Batting: RHB Jonathan Feldstein
|
0-0: Swinging Strike 0-1: Ball 1-1: Fly out, F6 (Flyball, 56D, EV 85.0 MPH)
|
|
Batting: RHB Scott Cuff
|
0-0: Ball 1-0: Ball 2-0: Ball 3-0: Called Strike 3-1: Base on Balls
|
|
Batting: RHB Bailey Hays
|
0-0: Ball 1-0: Ball 2-0: Called Strike 2-1: Ball 3-1: Foul Ball, location: 2F 3-2: Foul Ball, location: 2F 3-2: Strikes out swinging
|
| Bottom of the 4th over - 0 runs, 0 hits, 0 errors, 1 left on base; Detroit 1 - Niagara Falls 1 |
| TOP OF THE 5TH |
|
Detroit Red Wings batting - Pitching for Niagara Falls Phantoms : RHP Toshikazu Miyahara
|
|
Now at 2B: Hui Li
|
|
|
Batting: RHB Carlos Avila
|
0-0: Ground out 4-3 (Groundball, 4S, EV 88.1 MPH)
|
|
Batting: SHB Roderick Speed
|
0-0: Called Strike 0-1: Called Strike 0-2: Foul Ball, location: 2F 0-2: Ball 1-2: Fly out, F9 (Flyball, 89S, EV 91.9 MPH)
|
|
Batting: RHB António Scarlett
|
0-0: Ball 1-0: Called Strike 1-1: Ball 2-1: Foul Ball, location: 2F 2-2: Strikes out looking
|
| Top of the 5th over - 0 runs, 0 hits, 0 errors, 0 left on base; Detroit 1 - Niagara Falls 1 |
| BOTTOM OF THE 5TH |
|
Niagara Falls Phantoms batting - Pitching for Detroit Red Wings : RHP Edwin Torres
|
|
Batting: RHB Jim O'Dwyer
|
0-0: Swinging Strike 0-1: Ball 1-1: Foul Ball, location: 2F 1-2: Ground out 6-3 (Groundball, 6M, EV 98.8 MPH)
|
|
Batting: LHB Rip Log
|
0-0: Called Strike 0-1: Ground out 6-3 (Groundball, 6, EV 99.4 MPH)
|
|
Batting: LHB Dave Ortiz
|
0-0: Ball 1-0: Ground out 3-1 (Groundball, 34, EV 96.9 MPH)
|
| Bottom of the 5th over - 0 runs, 0 hits, 0 errors, 0 left on base; Detroit 1 - Niagara Falls 1 |
| TOP OF THE 6TH |
|
Detroit Red Wings batting - Pitching for Niagara Falls Phantoms : RHP Toshikazu Miyahara
|
|
Batting: LHB Duda Pinho
|
0-0: Called Strike 0-1: Ground out U3 (Groundball, 3S, EV 76.9 MPH)
|
|
Batting: LHB Iestyn Peacock
|
0-0: Called Strike 0-1: Ground out 4-3 (Groundball, 4, EV 79.4 MPH)
|
|
Batting: RHB Harry Tugnut
|
0-0: Ball 1-0: Ball 2-0: Foul Ball, location: 2F 2-1: Foul Ball, location: 2F 2-2: Foul Ball, location: 2F 2-2: Strikes out swinging
|
| Top of the 6th over - 0 runs, 0 hits, 0 errors, 0 left on base; Detroit 1 - Niagara Falls 1 |
| BOTTOM OF THE 6TH |
|
Niagara Falls Phantoms batting - Pitching for Detroit Red Wings : RHP Edwin Torres
|
|
Batting: RHB Juan Perez
|
0-0: Ball 1-0: Called Strike 1-1: Ball 2-1: SINGLE (Groundball, 56D, EV 98.8 MPH)
|
|
Pitching: RHP Efrain Diaz
|
|
|
Pinch Hitting: LHB Victor Reyna
|
0-0: Fly out, F9 (Flyball, 9LM, EV 86.2 MPH)
|
|
Pinch Hitting: RHB Ben Underwood
|
0-0: 2-RUN HOME RUN (Flyball, 7D, EV 95.0 MPH), Distance : 372 ft
|
|
Batting: RHB Jonathan Feldstein
|
0-0: Swinging Strike 0-1: Ball 1-1: Swinging Strike 1-2: Foul Ball, location: 2F 1-2: Ball 2-2: Strikes out swinging, 2-3 out at first.
|
|
Batting: RHB Scott Cuff
|
0-0: Ball 1-0: Called Strike 1-1: Ball 2-1: Ball 3-1: Foul Ball, location: 2F 3-2: Foul Ball, location: 2F 3-2: Strikes out swinging
|
| Bottom of the 6th over - 2 runs, 2 hits, 0 errors, 0 left on base; Detroit 1 - Niagara Falls 3 |
| TOP OF THE 7TH |
|
Detroit Red Wings batting - Pitching for Niagara Falls Phantoms : RHP Toshikazu Miyahara
|
|
Now at 2B: Todd Wolters
|
|
|
Now in CF: Victor Reyna
|
|
|
Batting: RHB Alex Duarte
|
0-0: Ball 1-0: Called Strike 1-1: Ball 2-1: Ball 3-1: Base on Balls
|
|
Batting: RHB Dustin Bursell
|
0-0: Grounds into double play, 4-6-3 (Groundball, 4, EV 87.5 MPH)
|
|
Batting: LHB Simon Barry
|
0-0: Ball 1-0: DOUBLE (Groundball, 3L, EV 109.4 MPH)
|
|
Pinch Hitting: RHB John Barton
|
0-0: Ground out 6-3 (Groundball, 6, EV 93.1 MPH)
|
| Top of the 7th over - 0 runs, 1 hit, 0 errors, 1 left on base; Detroit 1 - Niagara Falls 3 |
| BOTTOM OF THE 7TH |
|
Niagara Falls Phantoms batting - Pitching for Detroit Red Wings : RHP Efrain Diaz
|
|
Now at 2B: Ryan Adams
|
|
|
Batting: RHB Bailey Hays
|
0-0: Ball 1-0: Ball 2-0: Swinging Strike 2-1: Ball 3-1: Base on Balls
|
|
Batting: RHB Jim O'Dwyer
|
0-0: Ball 1-0: Fly out, F8 (Flyball, 8LS, EV 91.9 MPH)
|
|
Batting: LHB Rip Log
|
0-0: Ball 1-0: Foul Ball, location: 2F 1-1: Grounds into double play, 4-6-3 (Groundball, 4, EV 82.5 MPH)
|
| Bottom of the 7th over - 0 runs, 0 hits, 0 errors, 0 left on base; Detroit 1 - Niagara Falls 3 |
| TOP OF THE 8TH |
|
Detroit Red Wings batting - Pitching for Niagara Falls Phantoms : RHP Toshikazu Miyahara
|
|
Batting: SHB Roderick Speed
|
0-0: Called Strike 0-1: Foul Ball, location: 2F 0-2: Ball 1-2: Strikes out swinging
|
|
Batting: RHB António Scarlett
|
0-0: Ball 1-0: Called Strike 1-1: Ball 2-1: Foul Ball, location: 2F 2-2: Ball 3-2: Foul Ball, location: 2F 3-2: Base on Balls
|
|
Pitching: RHP Lucas Uil
|
|
|
Batting: LHB Duda Pinho
|
0-0: Ball 1-0: Grounds into double play, 4-6-3 (Groundball, 4, EV 87.5 MPH)
|
| Top of the 8th over - 0 runs, 0 hits, 0 errors, 0 left on base; Detroit 1 - Niagara Falls 3 |
| BOTTOM OF THE 8TH |
|
Niagara Falls Phantoms batting - Pitching for Detroit Red Wings : RHP Efrain Diaz
|
|
Batting: LHB Dave Ortiz
|
0-0: Ground out 4-3 (Groundball, 34D, EV 95.6 MPH)
|
|
Batting: RHB Juan Perez
|
0-0: Fly out, F7 (Flyball, 7, EV 88.1 MPH)
|
|
Batting: LHB Victor Reyna
|
0-0: Called Strike 0-1: Swinging Strike 0-2: Ball 1-2: Fly out, F8 (Flyball, 8RD, EV 80.0 MPH)
|
| Bottom of the 8th over - 0 runs, 0 hits, 0 errors, 0 left on base; Detroit 1 - Niagara Falls 3 |
| TOP OF THE 9TH |
|
Detroit Red Wings batting - Pitching for Niagara Falls Phantoms : RHP Lucas Uil
|
|
Batting: LHB Iestyn Peacock
|
0-0: Ball 1-0: Swinging Strike 1-1: Called Strike 1-2: Foul Ball, location: 2F 1-2: Strikes out swinging
|
|
Pinch Hitting: SHB Isaiah Bias
|
0-0: Called Strike 0-1: SINGLE (Groundball, 34D, EV 108.8 MPH)
|
|
Batting: RHB Alex Duarte
|
0-0: Called Strike 0-1: Foul Ball, location: 2F 0-2: Foul Ball, location: 2F 0-2: Ball 1-2: Strikes out swinging
|
|
Batting: RHB Dustin Bursell
|
0-0: 2-RUN HOME RUN (Flyball, 9D, EV 97.5 MPH), Distance : 373 ft
|
|
Batting: LHB Simon Barry
|
0-0: Ball 1-0: Called Strike 1-1: Fly out, F8 (Flyball, 78S, EV 87.5 MPH)
|
| Top of the 9th over - 2 runs, 2 hits, 0 errors, 0 left on base; Detroit 3 - Niagara Falls 3 |
| BOTTOM OF THE 9TH |
|
Niagara Falls Phantoms batting - Pitching for Detroit Red Wings : RHP Efrain Diaz
|
|
Now at C: Isaiah Bias
|
|
|
Batting: RHB Todd Wolters
|
0-0: Ball 1-0: Called Strike 1-1: Foul Ball, location: 2F 1-2: Foul Ball, location: 2F 1-2: Foul Ball, location: 2F 1-2: Strikes out looking
|
|
Pinch Hitting: LHB Luis Ponce
|
0-0: Foul Ball, location: 2F 0-1: Ball 1-1: Ball 2-1: DOUBLE (Groundball, 5L, EV 106.9 MPH)
|
|
Batting: RHB Scott Cuff
|
0-0: Intentional Walk
|
|
Pitching: RHP Neel Verhelst
|
|
|
Batting: RHB Bailey Hays
|
0-0: Called Strike 0-1: Swinging Strike 0-2: Foul Ball, location: 2F 0-2: Strikes out looking
|
|
Batting: RHB Jim O'Dwyer
|
0-0: Called Strike 0-1: Swinging Strike 0-2: Foul Ball, location: 2F 0-2: Strikes out looking
|
| Bottom of the 9th over - 0 runs, 1 hit, 0 errors, 2 left on base; Detroit 3 - Niagara Falls 3 |
| TOP OF THE 10TH |
|
Detroit Red Wings batting - Pitching for Niagara Falls Phantoms : RHP Lucas Uil
|
|
Now at 3B: Brian Biordi
|
|
|
Batting: LHB Ryan Adams
|
0-0: Ball 1-0: Ball 2-0: Foul Ball, location: 2F 2-1: Fly out, F8 (Flyball, 89XD, EV 91.9 MPH)
|
|
Pinch Hitting: RHB Cody Kafer
|
0-0: Ball 1-0: Called Strike 1-1: SINGLE (Flyball, 9S, EV 85.6 MPH)
|
|
Batting: RHB António Scarlett
|
0-0: Ball 1-0: Called Strike 1-1: Called Strike 1-2: Ground out 5-3 (Groundball, 6S, EV 68.8 MPH) Cody Kafer to second
|
|
Batting: LHB Duda Pinho
|
0-0: Ball 1-0: Fly out, F6 (Line Drive, 56, EV 64.4 MPH)
|
| Top of the 10th over - 0 runs, 1 hit, 0 errors, 1 left on base; Detroit 3 - Niagara Falls 3 |
| BOTTOM OF THE 10TH |
|
Niagara Falls Phantoms batting - Pitching for Detroit Red Wings : RHP Neel Verhelst
|
|
Now at 3B: Peter Jones
|
|
|
Batting: LHB Rip Log
|
0-0: Foul Ball, location: 2F 0-1: Called Strike 0-2: Strikes out looking
|
|
Batting: LHB Dave Ortiz
|
0-0: Ball 1-0: Called Strike 1-1: Ball 2-1: Foul Ball, location: 2F 2-2: Ball 3-2: Foul Ball, location: 2F 3-2: Strikes out swinging
|
|
Batting: RHB Juan Perez
|
0-0: Called Strike 0-1: Swinging Strike 0-2: Strikes out swinging
|
| Bottom of the 10th over - 0 runs, 0 hits, 0 errors, 0 left on base; Detroit 3 - Niagara Falls 3 |
| TOP OF THE 11TH |
|
Detroit Red Wings batting - Pitching for Niagara Falls Phantoms : RHP Lucas Uil
|
|
Batting: LHB Iestyn Peacock
|
0-0: Called Strike 0-1: Foul Ball, location: 2F 0-2: Ball 1-2: Strikes out looking
|
|
Batting: SHB Isaiah Bias
|
0-0: Ball 1-0: Called Strike 1-1: Called Strike 1-2: Strikes out looking
|
|
Batting: RHB Alex Duarte
|
0-0: Called Strike 0-1: Ball 1-1: Swinging Strike 1-2: Foul Ball, location: 2F 1-2: Ball 2-2: Foul Ball, location: 2F 2-2: Strikes out looking
|
| Top of the 11th over - 0 runs, 0 hits, 0 errors, 0 left on base; Detroit 3 - Niagara Falls 3 |
| BOTTOM OF THE 11TH |
|
Niagara Falls Phantoms batting - Pitching for Detroit Red Wings : RHP Neel Verhelst
|
|
Batting: LHB Victor Reyna
|
0-0: Called Strike 0-1: Ball 1-1: Ball 2-1: Ball 3-1: Swinging Strike 3-2: Strikes out swinging
|
|
Pitching: RHP Nick Brooks
|
|
|
Batting: RHB Todd Wolters
|
0-0: Fly out, F8 (Flyball, 8RD, EV 103.1 MPH)
|
|
Batting: RHB Brian Biordi
|
0-0: Called Strike 0-1: Ground out 4-3 (Groundball, 4, EV 89.4 MPH)
|
| Bottom of the 11th over - 0 runs, 0 hits, 0 errors, 0 left on base; Detroit 3 - Niagara Falls 3 |
| TOP OF THE 12TH |
|
Detroit Red Wings batting - Pitching for Niagara Falls Phantoms : RHP Lucas Uil
|
|
Pitching: RHP Javy Gonzalez
|
|
|
Batting: RHB Dustin Bursell
|
0-0: Called Strike 0-1: Foul Ball, location: 2F 0-2: SINGLE (Groundball, 4M, EV 110.0 MPH) (infield hit)
|
|
Batting: LHB Simon Barry
|
0-0: Called Strike 0-1: Ball 1-1: Swinging Strike 1-2: Ball 2-2: SINGLE (Line Drive, 9S, EV 95.0 MPH) Dustin Bursell to second Runner from 2nd tries for 3rd, OUT! 9-5
|
|
Now in RF: Greg Oxford
|
|
|
Batting: LHB Ryan Adams
|
0-0: Ball 1-0: Ball 2-0: Ball 3-0: Called Strike Pickoff Throw to First - Error! E1 Simon Barry to second 3-1: Intentional Walk
|
|
Batting: RHB Peter Jones
|
0-0: Ball 1-0: Called Strike 1-1: Ball 2-1: Ball 3-1: Base on Balls Simon Barry to third Ryan Adams to second
|
|
Batting: RHB António Scarlett
|
0-0: Swinging Strike 0-1: Ball 1-1: Swinging Strike 1-2: Strikes out swinging
|
|
Batting: LHB Duda Pinho
|
0-0: Called Strike 0-1: Foul Ball, location: 2F 0-2: Strikes out swinging
|
| Top of the 12th over - 0 runs, 2 hits, 1 error, 3 left on base; Detroit 3 - Niagara Falls 3 |
| BOTTOM OF THE 12TH |
|
Niagara Falls Phantoms batting - Pitching for Detroit Red Wings : RHP Nick Brooks
|
|
Batting: RHB Scott Cuff
|
0-0: Ball 1-0: Called Strike 1-1: Ball 2-1: Ball 3-1: Fly out, F7 (Flyball, 78S, EV 92.5 MPH)
|
|
Pitching: RHP Mike Valdivia
|
|
|
Batting: RHB Bailey Hays
|
0-0: Swinging Strike 0-1: Foul Ball, location: 2F 0-2: Foul Ball, location: 2F 0-2: Fly out, F8 (Line Drive, 89D, EV 95.6 MPH)
|
|
Batting: RHB Jim O'Dwyer
|
0-0: Fly out, F7 (Line Drive, 7, EV 93.8 MPH)
|
| Bottom of the 12th over - 0 runs, 0 hits, 0 errors, 0 left on base; Detroit 3 - Niagara Falls 3 |
| TOP OF THE 13TH |
|
Detroit Red Wings batting - Pitching for Niagara Falls Phantoms : RHP Javy Gonzalez
|
|
Pitching: LHP Jordan Cane
|
|
|
Batting: LHB Iestyn Peacock
|
0-0: Ball 1-0: Ball 2-0: Ball 3-0: Called Strike 3-1: DOUBLE (Flyball, 8RXD, EV 103.8 MPH)
|
|
Batting: SHB Isaiah Bias
|
0-0: Ball 1-0: Ground out U3 (Groundball, 34S, EV 72.5 MPH) Iestyn Peacock to third
|
|
Batting: RHB Alex Duarte
|
0-0: Intentional Walk
|
|
Batting: RHB Dustin Bursell
|
0-0: Foul Ball, location: 2F 0-1: Ball 1-1: Foul Ball, location: 2F 1-2: Grounds into double play, 6-4-3 (Groundball, 6, EV 85.0 MPH)
|
| Top of the 13th over - 0 runs, 1 hit, 0 errors, 1 left on base; Detroit 3 - Niagara Falls 3 |
| BOTTOM OF THE 13TH |
|
Niagara Falls Phantoms batting - Pitching for Detroit Red Wings : RHP Mike Valdivia
|
|
Batting: RHB Greg Oxford
|
0-0: Called Strike 0-1: Called Strike 0-2: Strikes out looking
|
|
Batting: LHB Dave Ortiz
|
0-0: Foul Ball, location: 2F 0-1: Ball 1-1: DOUBLE (Line Drive, 7LS, EV 93.8 MPH)
|
|
Batting: RHB Juan Perez
|
0-0: DOUBLE (Flyball, 8RD, EV 101.9 MPH) Dave Ortiz scores
|
| Bottom of the 13th over - 1 run, 2 hits, 0 errors, 1 left on base; Detroit 3 - Niagara Falls 4 |
|